 Dungeon Crawl Stone Soup version 0.19.0-9-gfd783f2 (webtiles) character file.

217 dysrexia the Cudgeler (level 5, -3/41 HPs)
             Began as a Mummy Chaos Knight on Nov 8, 2016.
             Slain by Grinder (9 damage)
             ... on level 3 of the Dungeon.
             The game lasted 00:10:56 (3927 turns).

dysrexia the Cudgeler (Mummy Chaos Knight)          Turns: 3927, Time: 00:10:57

Health: -3/41      AC:  7    Str: 16    XL:     5   Next: 61%
Magic:  5/5        EV: 11    Int: 11    God:    Xom [....*.]
Gold:   143        SH:  4    Dex: 12    Spells: 0 memorised, 4 levels left

rFire  x . .     SeeInvis .     r - +0 flail
rCold  + . .     Gourm    .     b - +2 leather armour
rNeg   + + +     Faith    .     i - +0 buckler
rPois  ∞         Spirit   .     n - +0 helmet
rElec  .         Reflect  .     m - +0 cloak
rCorr  .         Harm     .     (no gloves)
MR     .....                    (no boots)
Stlth  +.........               (no amulet)
                                (no ring)
                                (no ring)

@: no status effects
A: no food or potions, fire vulnerability, cold resistance 1, negative energy
resistance 3, torment resistance, unbreathing
a: Renounce Religion


You were on level 3 of the Dungeon.
You worshipped Xom.
You were a beloved toy of Xom.
You were not hungry.

You visited 1 branch of the dungeon, and saw 3 of its levels.

You collected 143 gold pieces.

Inventory:

Hand Weapons
 a - a +0 mace of chaos
 r - a +0 flail (weapon)
Missiles
 c - 21 poisoned needles
 j - 42 stones (quivered)
Armour
 b - a +2 leather armour (worn)
 d - a +0 plate armour
 f - a +0 chain mail
 i - a +0 buckler (worn)
 m - a +0 cloak (worn)
 n - a +0 helmet (worn)
Jewellery
 e - a cursed ring of teleportation {unknown}
 k - a +3 ring of intelligence {unknown}
Scrolls
 g - a scroll of immolation
 h - 3 scrolls of teleportation
 l - 2 scrolls of amnesia
 o - 2 scrolls of blinking
 p - a scroll of enchant armour {unknown}
 q - a scroll of magic mapping {unknown}


   Skills:
 - Level 3.0 Fighting
 * Level 4.7 Maces & Flails
 - Level 1.5 Armour
 - Level 0.7 Dodging
 + Level 2.0 Shields


You had 4 spell levels left.
You didn't know any spells.

Dungeon Overview and Level Annotations

Branches:
Dungeon (3/15)

Altars:
Fedhas
Xom

Annotations:
D:3 Grinder


Innate Abilities, Weirdness & Mutations

You do not eat or drink.
Your flesh is vulnerable to fire.
You are immune to poison.
Your flesh is cold resistant. (rC+)
You are immune to negative energy. (rN+++)
You are immune to unholy pain and torment.
You can survive without breathing.


Message History

You hit Grinder.
Grinder is severely wounded.
Grinder hits you.
You sock Grinder!
Grinder is almost dead.
Grinder hits you. Grinder hits you!
* * * LOW HITPOINT WARNING * * *
You closely miss Grinder.
Grinder is almost dead.
You block Grinder's attack.
You hit Grinder.
Grinder is almost dead. "Take this token of my esteem."
Something appears at your feet! Grinder hits you.
* * * LOW HITPOINT WARNING * * *
You closely miss Grinder.
Grinder is almost dead.
Grinder hits you!
You die...

#.# #.# #.# #.# #.
#.# #.# #5###.####..#
#...%.......#
########### #.#
..)g.g..g.#########.#
#########.#._...@5..#
#g#_######### #.#.#
#.#.# #.#.######..
#..........#
###########.########
............#
#############


You could see Grinder.

Vanquished Creatures
  An orc priest (D:3)
  Jessica (D:2)
  A worker ant (D:2)
  Robin (D:2)
  2 adders
  A gnoll (D:3)
  An ooze (D:3)
  2 worms (D:3)
  3 dart slugs
  8 orcs (D:3)
  3 giant cockroaches (D:1)
  8 hobgoblins
  7 kobolds
  2 quokkas
  A ball python (D:1)
  9 bats
  5 frilled lizards
  16 goblins
  6 rats
78 creatures vanquished.

Notes
Turn   | Place    | Note
-------+----------+-------------------------------------------
     0 | D:1      | dysrexia the Mummy Chaos Knight began the quest for the Orb.
     0 | D:1      | Reached XP level 1. HP: 18/18 MP: 1/1
   126 | D:1      | Found a shimmering altar of Xom.
   214 | D:1      | XOM: silly message
   261 | D:1      | Reached XP level 2. HP: 24/24 MP: 2/2
   291 | D:1      | Reached skill level 3 in Maces & Flails
   459 | D:1      | XOM: smoke on damage
   550 | D:1      | XOM: silly message
   686 | D:1      | XOM: harmless Necr miscast
  1055 | D:2      | XOM: stealth player
  1067 | D:2      | Reached XP level 3. HP: 29/29 MP: 3/3
  1130 | D:2      | Noticed Jessica
  1138 | D:2      | Killed Jessica
  1319 | D:2      | Noticed Robin
  1328 | D:1      | Reached XP level 4. HP: 16/35 MP: 4/4
  1490 | D:1      | XOM: cloud trail
  1532 | D:1      | Reached skill level 1 in Shields
  1678 | D:1      | Reached skill level 4 in Maces & Flails
  1720 | D:2      | XOM: silly message
  1950 | D:2      | Killed Robin
  1994 | D:2      | XOM: mild Chrm miscast
  2093 | D:2      | Found a blossoming altar of Fedhas.
  2365 | D:2      | XOM: harmless Summ miscast
  2564 | D:3      | Reached XP level 5. HP: 16/41 MP: 5/5
  2820 | D:3      | HP: 1/41 [gnoll/halberd (6)]
  2833 | D:3      | XOM: confuse monster(s)
  3191 | D:3      | XOM: harmless Tmut miscast
  3362 | D:3      | XOM: divination: magic mapping
  3483 | D:3      | XOM: cloud trail
  3767 | D:2      | XOM: confuse monster(s)
  3897 | D:3      | Noticed Grinder
  3913 | D:3      | Paralysed by Grinder for 3 turns
  3916 | D:3      | XOM: scenery: create altars
  3920 | D:3      | XOM: scenery: create altars
  3926 | D:3      | XOM: god gift: 20 stones
  3927 | D:3      | Slain by Grinder

Skill      XL: |  1  2  3  4  5 |
---------------+----------------+-----
Maces & Flails | 3 4 |  4.7
Shields        | 1 2 |  2.0
Fighting       | |  3.0
Armour         | |  1.5
Dodging        | |  0.7

Action                   |  1- 3 |  4- 6 || total
-------------------------+-------+-------++-------
Melee: Mace              |    93 |   156 ||   249
       Flail             |       |    42 ||    42
Throw: Stone             |       |     4 ||     4
  Use: Scroll            |       |     6 ||     6
 Stab: Paralysed         |     1 |     4 ||     5
       Sleeping          |     1 |       ||     1
       Petrifying        |       |     2 ||     2
       Petrified         |       |     2 ||     2
       Confused          |       |     1 ||     1
Armor: Leather armour    |    47 |    83 ||   130
Dodge: Dodged            |    64 |   105 ||   169
Block: Buckler           |    10 |    42 ||    52
